 Dungeon Crawl Stone Soup version 0.28-a0-653-g7e9dba17c3 (webtiles) character file.

Game seed: 13486981994380954740

450 jackcabral90 the Sneak (level 6, -3/32 HPs)
             Began as a Vampire Enchanter on Oct 11, 2021.
             Was a Follower of Hepliaklqana.
             Slain by an ogre (28 damage)
             ... on level 3 of the Dungeon.
             The game lasted 00:20:38 (3331 turns).

jackcabral90 the Sneak (Vampire Enchanter)          Turns: 3331, Time: 00:20:39

Health: -3/32      AC:  3    Str:  7    XL:     6   Next: 74%
Magic:  9/9        EV: 13    Int: 19    God:    Hepliaklqana [*.....]
Gold:   122        SH:  0    Dex: 15    Spells: 4/9 levels left

rFire   . . .      SeeInvis +   b - +2 dagger (venom)
rCold   + + +      Faith    .   (no shield)
rNeg    + + +      Spirit   .   h - +0 robe
rPois   ∞          Reflect  .   (no helmet)
rElec   .          Harm     +   (no cloak)
rCorr   .          Rampage  .   (no gloves)
Will    +....                   o - +0 pair of boots of Rationality {Harm rC+ Will+}
Stlth   +++++.....              m - amulet of the acrobat
HPRegen 0.00/turn               (no ring)
MPRegen 0.11/turn               (no ring)

@: bloodless, inhibited regen
A: bloodless, reduced essence, fangs 3, see invisible, vampiric 2
a: Bat Form, Revivify, Renounce Religion, Recall Ancestor, Ancestor Identity


You were on level 3 of the Dungeon.
You worshipped Hepliaklqana.
Hepliaklqana was aware of your devotion.
You visited 2 branches of the dungeon, and saw 6 of its levels.

You collected 122 gold pieces.

Inventory:

Hand Weapons
 a - a +0 rapier of electrocution
 b - a +2 dagger of venom (weapon)
 d - the +2 long sword of Gaepp {vorpal, rElec}
   (You found it on level 1 of the Dungeon)

   It inflicts extra damage upon your enemies.
   rElec:     It insulates you from electricity.
 t - a +2 dagger of speed
Missiles
 f - 139 stones (quivered)
Armour
 h - a +0 robe (worn)
 o - the +0 pair of boots of Rationality (worn) {Harm rC+ Will+}
   (You found it on level 5 of the Dungeon)

   rC:        It protects you from cold.
   Harm:      It increases damage dealt and taken.
   Will:      It increases your willpower.
 q - a +0 tower shield
Jewellery
 m - an amulet of the acrobat (around neck)
Scrolls
 e - a scroll of vulnerability {unknown}
 i - a scroll of teleportation {unknown}
 l - a scroll of immolation {unknown}
 n - 3 scrolls of identify {unknown}
 r - a scroll of magic mapping {unknown}
Potions
 c - a potion of invisibility
 g - 2 potions of brilliance {unknown}
 j - 2 potions of lignification {unknown}
 k - a potion of flight {unknown}
 p - a potion of degeneration {unknown}
 s - a potion of curing {unknown}


   Skills:
 + Level 2.9 Fighting
 + Level 3.6 Short Blades
 + Level 4.2 Dodging
 + Level 6.5 Stealth
 + Level 0.8 Shields
 + Level 2.3 Spellcasting
 + Level 4.8 Hexes


You had 4 spell levels left.
You knew the following spells:

 Your Spells              Type           Power      Damage    Failure   Level
a - Ensorcelled Hibernat  Hex/Ice        22%        N/A       9%          2
b - Confusing Touch       Hex            20%        N/A       7%          3

Your spell library contained the following spells:

 Spells                   Type           Power      Damage    Failure   Level
 Tukima's Dance           Hex            20%        N/A       7%          3
 Dazzling Flash           Conj/Hex       22%        N/A       19%         3


Dungeon Overview and Level Annotations

Branches:
Dungeon (5/15)             Temple (1/1) D:5

Altars:
Ashenzari
Cheibriados
Dithmenos
Elyvilon
Fedhas
Gozag
Hepliaklqana
Kikubaaqudgha
Makhleb
Nemelex Xobeh
Okawaru
Qazlal
Ru
Sif Muna
Trog
Uskayaw
Vehumet
Wu Jian
Xom
Yredelemnul
The Shining One

Annotations:
D:4 3 runed translucent doors
D:5 Menkaure


Innate Abilities, Weirdness & Mutations

You do not regenerate when monsters are visible.
You are frail without blood (-20% HP).
You can heal yourself when you bite living creatures.
You are immune to poison.
Your life essence is reduced to manifest your ancestor. (-10% HP)
You have razor-sharp teeth.
You have supernaturally acute eyesight. (SInv)
You are afflicted with vampirism and can become a bat while bloodless.


Message History

You hear the crackle of electricity.
a - a +0 rapier of electrocution (weapon)
You kill the orc!
Things that are here:
a +0 falchion; an orc corpse Your +0 rapier of electrocution stops crackling.
Your +2 dagger of venom begins to drip with poison!
b - a +2 dagger of venom (weapon)
Magic restored.
HP restored.
s - an inky potion You swap places.
Found a stone staircase leading down.
An adder comes into view.
Found an escape hatch in the floor.
The helpless adder fails to defend itself.
You bite the adder, and draw its blood! You impale the adder!!
You kill the adder!
You swap places.
You open the door.
There is an open door here.
Found a glowing dagger.
There is an open door here.
An ogre comes into view. It is wielding a +0 giant club.
You see here a +2 dagger of speed.
t - a +2 dagger of speed The ogre shouts!
You hit the ogre.
The ogre is poisoned.
The ogre is lightly wounded.
Tlaloc hits the ogre.
The ogre hits you with a +0 giant club.
Tlaloc hits the ogre.
Tlaloc hits the ogre.
The ogre hits Tlaloc with a +0 giant club!!
Tlaloc is destroyed!
The ogre shouts!
You hit the ogre. You bite the ogre, but do no damage.
The ogre is almost dead.
The ogre hits you with a +0 giant club!!
Ouch! That really hurt!
You die...

###### #....##### ##.##.....#
######### ##.##..)..#
#.......# ..........#
#.......# #....#....#
#.......# ...#.#....#
#.......#
####.###.#######.......#.
...............'@O.....'......
########.#######.......#......
###.)..## ###############
#.......# ##P.....)#
#..♣.....# #PP♣P.P'##
#.♣♣♣♣P.# ## #.P♣..#'#### ..


You could see an ogre (poisoned).

Vanquished Creatures
  Sigmund (D:3)
  Eustachio (D:5)
  6 adders
  An adder skeleton (D:5)
  A worm (D:2)
  4 dart slugs
  An orc (D:3)
  3 endoplasms (D:2)
  8 goblins
  4 hobgoblins
  10 jackals
  6 kobolds
  3 quokkas
  5 ball pythons
  8 bats
  4 frilled lizards
  6 rats
72 creatures vanquished.

Vanquished Creatures (collateral kills)
  A goblin (D:2)
1 creature vanquished.

Vanquished Creatures (others)
  An ancestor (D:3)
  6 plants (D:3)
7 creatures vanquished.

Grand Total: 80 creatures vanquished

Notes
Turn   | Place    | Note
-------+----------+-------------------------------------------
     0 | D:1      | jackcabral90 the Vampire Enchanter began the quest for the
                  | Orb.
     0 | D:1      | Reached XP level 1. HP: 13/13 MP: 3/3
    86 | D:1      | Found a faded altar of an unknown god.
    95 | D:1      | Identified the +2 long sword of Gaepp {vorpal, rElec}
   225 | D:1      | Reached XP level 2. HP: 4/15 MP: 5/5
   228 | D:1      | Reached skill level 5 in Stealth
   803 | D:1      | Gained mutation: You are afflicted with vampirism and can
                  | become a bat while bloodless. [Vampire growth]
   803 | D:1      | Reached XP level 3. HP: 19/19 MP: 6/6
  1230 | D:2      | Reached skill level 6 in Stealth
  1293 | D:2      | Learned a level 2 spell: Ensorcelled Hibernation
  1297 | D:2      | Learned a level 3 spell: Confusing Touch
  1375 | D:2      | Reached XP level 4. HP: 21/24 MP: 7/7
  1832 | D:3      | You fall into a shaft and drop 2 floors!
  1832 | D:5      | Entered Level 5 of the Dungeon
  1832 | D:5      | Found a staircase to the Ecumenical Temple.
  1856 | Temple   | Entered the Ecumenical Temple
  1906 | Temple   | Became a worshipper of Hepliaklqana the Forgotten
  2214 | D:5      | Reached skill level 1 in Fighting
  2218 | D:5      | Noticed Menkaure
  2235 | D:5      | Identified the +0 pair of boots of Rationality {Harm rC+
                  | Will+}
  2272 | D:5      | Noticed a scorpion
  2275 | D:5      | Noticed Eustachio
  2281 | D:5      | Killed Eustachio
  2282 | D:5      | Reached XP level 5. HP: 31/31 MP: 8/8
  2397 | D:4      | Found a runed translucent gate.
  2399 | D:4      | Found a runed translucent gate.
  2399 | D:4      | Found a runed translucent gate.
  2439 | D:3      | Noticed Sigmund
  2445 | D:3      | Noticed an ogre
  2516 | D:3      | Reached XP level 6. HP: 35/36 MP: 9/9
  2810 | D:2      | Reached * piety under Hepliaklqana
  3157 | D:3      | Killed Sigmund
  3331 | D:3      | Slain by an ogre

Illustrated notes

Levels and vault maps discovered:
D:1:      nzn_arrival_settlement, layout_rooms,
          hellmonk_ecumenical_altar_lost_god, hangedman_decor_lopped,
          minmay_pentomino_o4
D:2:      kennysheep_six_static_rooms, layout_loops_corners,
          kennysheep_generic_room_8
D:3:      layout_basic, serial_forest, infiniplex_forest_lined_3_way,
          infiniplex_forest_end_double, infiniplex_forest_clump_double,
          infiniplex_forest_clump_small, infiniplex_forest_lined_1,
          infiniplex_forest_fountain, infiniplex_forest_lined_corner,
          infiniplex_forest_lined_4_way, uniq_sigmund
D:4:      layout_basic, gammafunk_ghost_cemetery, uniq_edmund
D:5:      layout_rooms, minmay_temple_entry_overgrown, lemuel_flame_loot_1,
          uniq_menkaure, uniq_eustachio
Temple:   minmay_crystal_snake_temple

Skill      XL: |  1  2  3  4  5  6 |
---------------+-------------------+-----
Stealth        | 5 6 |  6.5
Short Blades   | 2 3 |  3.6
Dodging        | 3 4 |  4.2
Fighting       | 2 |  2.9
Shields        | |  0.8
Spellcasting   | |  2.3
Hexes          | |  4.8

Action                   |  1- 3 |  4- 6 || total
-------------------------+-------+-------++-------
Melee: Dagger            |   126 |    36 ||   162
       Bite              |    13 |     6 ||    19
       Rapier            |       |    28 ||    28
Throw: Stone             |     4 |       ||     4
 Cast: Confusing Touch   |       |     1 ||     1
Invok: Ancestor Identity |       |     1 ||     1
 Abil: Exsanguinate      |     1 |       ||     1
 Stab: Sleeping          |    12 |    18 ||    30
       Distracted        |     1 |       ||     1
       Confused          |       |     1 ||     1
Armor: Robe              |    35 |     3 ||    38
Dodge: Dodged            |    58 |    28 ||    86

Table legend: (Time is in decaauts)
 A = Elapsed time spent in this place.
 B = Non-inter-level travel time spent in this place.
 C = Inter-level travel time spent in this place.
 D = Time resting spent in this place.
 E = Time spent auto-exploring this place.
 F = Levels seen in this place.
 G = Mean time per level.
                   A        B        C        D        E       F      G
               +--------+--------+--------+--------+--------+-----+--------+
         Total |   3317 |   3119 |    198 |      0 |   2250 |   6 |  552.8 |
       Dungeon |   2987 |   2818 |    169 |      0 |   2010 |   5 |  597.4 |
        Temple |    329 |    300 |     29 |      0 |    240 |   1 |  329.0 |
               +--------+--------+--------+--------+--------+-----+--------+

Top non-repeatable levels by time:
     D:2: 1313 daAuts
     D:1: 963 daAuts
     D:3: 470 daAuts
  Temple: 329 daAuts
     D:5: 179 daAuts
     D:4: 59 daAuts
